 Dungeon Crawl Stone Soup version 0.11.0-9-gb634444 (webtiles) character file.

273 jasonn1124 the Poker (level 5, -1/42 HPs)
             Began as a Merfolk Berserker on Jan 25, 2013.
             Was an Elder of Trog.
             Splashed by acid (10 damage)
             ... on Level 3 of the Dungeon.
             The game lasted 00:36:24 (3603 turns).

jasonn1124 the Poker (Merfolk Berserker)            Turns: 3603, Time: 00:36:26

HP  -1/42        AC  8     Str 18      XL: 5   Next: 72%
MP   4/4         EV 10     Int  6      God: Trog [****..]
Gold 78          SH  0     Dex 14      Spells:  0 memorised,  4 levels left

Res.Fire  : . . .   See Invis. : .   a - +0,-1 spear {=f}
Res.Cold  : . . .   Warding    : .   j - +2 ring mail
Life Prot.: . . .   Conserve   : .   (no shield)
Res.Poison: .       Res.Corr.  : .   (no helmet)
Res.Elec. : .       Clarity    : .   (no cloak)
Sust.Abil.: . .     Spirit.Shd : .   (no gloves)
Res.Mut.  : .       Stasis     : .   m - +0 pair of boots
Res.Rott. : .       Ctrl.Telep.: .   (no amulet)
Saprovore : . . .   Levitation : .   (no ring) Ctrl.Flight: .
                                     i - ring of protection from magic

@: somewhat resistant to hostile enchantments, unstealthy
A: change form in water, swift swim
a: Burn Spellbooks, Berserk, Trog's Hand, Brothers in Arms, Renounce Religion


You were on level 3 of the Dungeon.
You worshipped Trog.
Trog was extremely pleased with you.
You were not hungry.

You visited 1 branch of the dungeon, and saw 3 of its levels.
You also visited: Sewer.

You collected 58 gold pieces.

Inventory:

Hand weapons
 a - a +0,-1 spear (weapon) {=f}
 p - a cursed -3,-2 short sword
 u - a +2 blowgun
 A - a +2,+0 elven short sword
 B - a +3 blowgun
 C - a +0,+0 dagger (quivered)
Missiles
 d - 30 bolts
 g - 29 stones
 l - 18 arrows
 t - 20 darts
 v - 18 sling bullets
 y - 57 poisoned needles
 D - 3 curare-tipped needles
Armour
 j - a +2 ring mail (worn)
 m - a +0 pair of boots (worn)
Comestibles
 z - a pear
Scrolls
 h - 6 scrolls of remove curse {unknown}
 n - a scroll of teleportation {unknown}
 o - a scroll of amnesia {unknown}
 q - a scroll of blinking {unknown}
 s - 7 scrolls of identify
 x - a scroll of random uselessness {unknown}
Jewellery
 i - a ring of protection from magic (left hand)
 r - an uncursed ring of levitation
Potions
 b - 7 potions of heal wounds
 c - a potion of brilliance {unknown}
 e - a potion of slowing {unknown}
 f - 4 potions of curing
 k - a potion of agility {unknown}
 w - a potion of restore abilities {unknown}


   Skills:
 + Level 4.2 Fighting
 + Level 5.9 Polearms
 + Level 1.9 Throwing
 + Level 1.9 Armour
 + Level 4.2 Dodging
 + Level 1.1 Stealth
 + Level 0.2 Traps & Doors


You had 4 spell levels left.
You didn't know any spells.

Dungeon Overview and Level Annotations

Branches:
Dungeon (3/27)

Altars:
Ashenzari


Message History

The jelly quivers.
The jelly closely misses you.
You hit the jelly.
The jelly is moderately wounded.
The goblin shouts!
You hit the jelly.
The jelly is moderately wounded.
The jelly hits you.
You are splashed with acid!
Your +2 ring mail resists.
The acid burns!
A rat comes into view.
You hit the jelly.
The jelly is heavily wounded.
The jelly hits you.
You are splashed with acid!
The acid burns!
You hit the jelly.
The acid corrodes your +0,+0 spear {=f}!
The jelly is heavily wounded.
The jelly hits you.
* * * LOW HITPOINT WARNING * * *
You are splashed with acid!
The acid burns!
You die...

..# #.# #[# #..
#.# #.# # #.# #.#
##.#.##### #.# #.#
.....g.rJ.# #.#
#.# #@.# #.# #.#
#..###.###### #.#
#.....#.....# #.#
##.###.####.###.##
#.# #.####.......
#.# #..........#.
#.# ############.
#.# #. #.# #.


You could see a jelly, a goblin and a rat.

Vanquished Creatures
  A green rat (Sewer)
  5 adders
  A giant mite (D:3)
  A giant gecko (D:1)
  An orc (D:2)
  8 ball pythons
  A giant cockroach (D:1)
  5 goblins
  20 grey rats
  7 hobgoblins
  20 kobolds
  5 bats
  3 giant newts (D:1)
  2 jackals (D:2)
  17 rats
97 creatures vanquished.

Vanquished Creatures (others)
  A hobgoblin (D:2)
  A giant newt (D:2)
2 creatures vanquished.

Grand Total: 99 creatures vanquished

Notes
Turn   | Place    | Note
--------------------------------------------------------------
     0 | D:1      | jasonn1124, the Merfolk Berserker, began the quest for the Orb.
     0 | D:1      | Reached XP level 1. HP: 18/18 MP: 0/0
   271 | D:1      | Reached XP level 2. HP: 24/24 MP: 1/1
   494 | D:1      | Acquired Trog's second power
   926 | D:1      | Reached XP level 3. HP: 30/30 MP: 2/2
  1238 | D:2      | Reached skill level 5 in Polearms
  1252 | D:2      | Found a shattered altar of Ashenzari.
  1338 | D:2      | Reached skill level 1 in Throwing
  1507 | D:2      | Reached XP level 4. HP: 13/37 MP: 3/3
  2101 | D:3      | Found a glowing drain.
  2418 | Sewer    | Entered a sewer
  2502 | Sewer    | Reached XP level 5. HP: 38/42 MP: 4/4
  2760 | Sewer    | Acquired Trog's third power
  3134 | Sewer    | Reached skill level 1 in Stealth
  3603 | D:3      | Splashed by acid
